[Event "ICCopen2016"]
[Site "Internet Chess Club"]
[Date "2016.06.04"]
[Round "2"]
[White "Ecuadorian"]
[Black "bennywins"]
[Result "1-0"]
[ICCResult "Black checkmated"]
[WhiteElo "1739"]
[BlackElo "1222"]
[Opening "Ruy Lopez: Anderssen variation"]
[ECO "C77"]
[NIC "RL.12"]
[Time "14:12:44"]
[TimeControl "180+0"]

1. e4 e5 2. Nf3 Nc6 3. Bb5 a6 4. Ba4 Nf6 5. d3 b5 6. Bb3 d6 7. c3 Be7 8. h3
Na5 9. Bc2 c5 10. Nbd2 Be6 11. Nf1 O-O 12. g4 h6 13. Ng3 Nh7 14. Nf5 Bxf5
15. gxf5 Ng5 16. h4 Nxf3+ 17. Qxf3 Bxh4 18. Ke2 Bg5 19. Bxg5 Qxg5 20. Rag1
Qf4 21. Qh5 Kh7 22. Rg4 g6 23. fxg6+ fxg6 24. Qxg6+ Kh8 25. Qg7#
{Black checkmated}
1-0

[Event "ICCopen2016"]
[Site "Internet Chess Club"]
[Date "2016.06.04"]
[Round "2"]
[White "BilodeauA"]
[Black "jc-arias"]
[Result "1-0"]
[ICCResult "Black resigns"]
[WhiteElo "2823"]
[BlackElo "2146"]
[Opening "French: Tarrasch, closed variation, main line"]
[ECO "C06"]
[NIC "FR.17"]
[Time "14:12:43"]
[TimeControl "180+0"]

1. e4 e6 2. d4 d5 3. Nd2 Nf6 4. e5 Nfd7 5. Bd3 c5 6. c3 Nc6 7. Ne2 cxd4 8.
cxd4 f6 9. exf6 Nxf6 10. Nf3 Bd6 11. O-O O-O 12. Bf4 Nh5 13. Bxd6 Qxd6 14.
Ng3 Nf4 15. Re1 a6 16. Ne5 Bd7 17. a3 Rae8 18. Rc1 g6 19. Bb1 Rf6 20. Qd2
Ref8 21. Ng4 {Black resigns} 1-0

[Event "ICCopen2016"]
[Site "Internet Chess Club"]
[Date "2016.06.04"]
[Round "2"]
[White "blitzmaniac"]
[Black "Rammstein"]
[Result "1-0"]
[ICCResult "Black forfeits on time"]
[WhiteElo "2829"]
[BlackElo "2160"]
[Opening "Nimzovich-Larsen attack: Indian variation"]
[ECO "A01"]
[NIC "VO.08"]
[Time "14:12:45"]
[TimeControl "180+0"]

1. b3 Nf6 2. Bb2 d5 3. e3 c6 4. Nf3 Bf5 5. Be2 h6 6. O-O e6 7. c4 Be7 8.
cxd5 exd5 9. d3 O-O 10. a3 a5 11. Nbd2 Re8 12. Qc2 Bh7 13. Rfe1 Nbd7 14. Bf1
Bd6 15. Bc3 Qe7 16. Qb2 Nc5 17. Qc2 Ncd7 18. Bb2 Ne5 19. Nxe5 Bxe5 20. Bxe5
Qxe5 21. Nf3 Qe7 22. Qb2 Nd7 23. b4 axb4 24. axb4 Nb6 25. Nd4 Bg6 26. Ra5
Rxa5 27. bxa5 Nc8 28. a6 Nd6 29. axb7 c5 30. b8=Q Rxb8 31. Qxb8+ Kh7 32. Nb5
{Black forfeits on time}
1-0

[Event "ICCopen2016"]
[Site "Internet Chess Club"]
[Date "2016.06.04"]
[Round "2"]
[White "drsigmund1"]
[Black "maly"]
[Result "0-1"]
[ICCResult "White forfeits on time"]
[WhiteElo "1296"]
[BlackElo "2426"]
[Opening "Queen's bishop game"]
[ECO "D02"]
[NIC "QP.08"]
[Time "14:12:12"]
[TimeControl "180+0"]

1. d4 d5 2. Nf3 Nf6 3. Bf4 c5 4. c3 e6 5. e3 Nc6 6. Bd3 Bd6 7. Ne5 Qc7 8.
Nd2 Nxe5 9. dxe5 Bxe5 10. Bxe5 Qxe5 11. Bb5+ Bd7 12. Qa4 Qc7 13. Bxd7+ Qxd7
14. Qxd7+ Kxd7 15. O-O Rhd8 16. Nb3 b6 17. Rad1 Ke7 18. Rfe1 Rd7 19. f3 Rad8
20. Kf2 e5 21. Ke2 Ke6 22. Nc1 a5 23. Nd3 c4 24. Nf2 b5 25. Nh3 h6 26. f4 e4
27. f5+ Kxf5 28. Rf1+ Ke5 29. Nf4 Kd6 30. h3 Kc5 31. g4 Rd6 32. Kf2 Nd7 33.
Ne2 Ne5 34. Nd4 Nd3+ 35. Ke2 R8d7 36. b4+ axb4 37. cxb4+ Nxb4 38. a3 Nd3 39.
Rb1 Rb6 40. a4 bxa4 41. Rxb6 Kxb6 42. Rb1+ Kc5 43. Rb5+ Kd6 44. Rb6+ Kc7 45.
Rc6+ Kb7 {White forfeits on time} 0-1

[Event "ICCopen2016"]
[Site "Internet Chess Club"]
[Date "2016.06.04"]
[Round "2"]
[White "VerdeNotte"]
[Black "zelog"]
[Result "1-0"]
[ICCResult "Black resigns"]
[WhiteElo "2818"]
[BlackElo "2143"]
[Opening "Benko's opening"]
[ECO "A00"]
[NIC "VO.09"]
[Time "14:12:03"]
[TimeControl "180+0"]

1. g3 e6 2. Bg2 d5 3. c4 Nf6 4. b3 Be7 5. Bb2 O-O 6. Nf3 c6 7. O-O Nbd7 8.
d3 b6 9. Nbd2 Bb7 10. e4 dxe4 11. dxe4 c5 12. e5 Ng4 13. Qe2 Qc7 14. Rad1
Rad8 15. Rfe1 Nh6 16. Ne4 Bxe4 17. Qxe4 Nb8 18. h4 Rxd1 19. Rxd1 Rd8 20. Re1
g6 21. g4 Rd7 22. Ng5 Qd8 23. Qf3 Rd3 24. Qf4 Rd1 25. Bc3 Rxe1+ 26. Bxe1 Qd1
27. Nf3 Kg7 28. Kh2 Nd7 29. Bd2 Ng8 30. h5 h6 31. hxg6 fxg6 32. g5 h5 33.
Bh3 Nf8 34. Qe4 Bxg5 35. Bxg5 Nh7 36. Qb7+ Kh8 37. Bxe6 Qxf3 38. Qxf3 Nxg5
39. Qd5 Nh6 40. Qd8+ Kg7 41. Qxg5 {Black resigns} 1-0

[Event "ICCopen2016"]
[Site "Internet Chess Club"]
[Date "2016.06.04"]
[Round "2"]
[White "gajardo"]
[Black "OparinGrigoriy"]
[Result "0-1"]
[ICCResult "White resigns"]
[WhiteElo "2144"]
[BlackElo "2819"]
[Opening "Réti: King's Indian attack, Yugoslav variation"]
[ECO "A07"]
[NIC "QP.09"]
[Time "14:13:08"]
[TimeControl "180+0"]

1. Nf3 d5 2. g3 Nf6 3. Bg2 c6 4. O-O Bg4 5. d3 Nbd7 6. c3 e5 7. Nbd2 Bd6 8.
Qc2 O-O 9. e4 Re8 10. Re1 a5 11. h3 Bh5 12. g4 Bg6 13. Nh4 Nf8 14. Nxg6 Nxg6
15. Nf1 Bc5 16. Ng3 Nf4 17. Be3 Bb6 18. Rad1 d4 19. Bxf4 exf4 20. Ne2 Qd6
21. Bf3 Nd7 22. cxd4 Bxd4 23. Nxd4 Qxd4 24. Qc3 Ne5 25. Kg2 Red8 26. Qxd4
Rxd4 27. Re2 Rad8 28. Rc2 f6 29. Rc5 a4 30. Rc3 b6 31. Be2 c5 32. Bf1 Kf7
33. f3 g5 34. b3 a3 35. b4 Rxb4 36. Rxa3 Rb2+ 37. Kh1 Nxf3 38. Bg2 Nh4 39.
Bf1 h5 40. Ra7+ Kg6 41. Ra6 hxg4 42. hxg4 Nf3 {White resigns} 0-1

[Event "ICCopen2016"]
[Site "Internet Chess Club"]
[Date "2016.06.04"]
[Round "2"]
[White "chapeau"]
[Black "Chess64"]
[Result "0-1"]
[ICCResult "White checkmated"]
[WhiteElo "1337"]
[BlackElo "1762"]
[Opening "Blackmar-Diemer: Euwe defense"]
[ECO "D00"]
[NIC "QP.08"]
[Time "14:12:33"]
[TimeControl "180+0"]

1. d4 d5 2. e4 dxe4 3. Nc3 Nf6 4. f3 exf3 5. Nxf3 e6 6. Bd3 Bd6 7. O-O h6 8.
Be3 b6 9. Qe1 Bb7 10. Ne5 Nbd7 11. Qg3 Qe7 12. Bf4 O-O-O 13. Rae1 Nh5 14.
Qf3 Bxf3 15. Rxf3 Nxf4 16. Rxf4 Nxe5 17. dxe5 Bc5+ 18. Kh1 Rd4 19. Rf3 Rhd8
20. Ref1 Rf8 21. Nb5 Rg4 22. Nxa7+ Kb7 23. Nb5 c6 24. Nc3 Qg5 25. g3 Qxe5
26. Nd1 f5 27. R3f2 Bxf2 28. Nxf2 Rg5 29. Nh3 Rh5 30. Nf4 Rg5 31. Rf3 Rd8
32. Kg2 Rxd3 33. Rxd3 Qxf4 34. Rf3 Qd2+ 35. Rf2 Qd5+ 36. Rf3 f4 37. h4 Rxg3+
38. Kf2 Qxf3+ 39. Ke1 Rg1+ 40. Kd2 Rd1# {White checkmated} 0-1

[Event "ICCopen2016"]
[Site "Internet Chess Club"]
[Date "2016.06.04"]
[Round "2"]
[White "TIGRANO"]
[Black "El-Kaiser"]
[Result "0-1"]
[ICCResult "White checkmated"]
[WhiteElo "3131"]
[BlackElo "2393"]
[Opening "Benko's opening"]
[ECO "A00"]
[NIC "VO.09"]
[Time "14:12:01"]
[TimeControl "180+0"]

1. g3 d5 2. Bg2 Nf6 3. Nf3 e6 4. O-O Be7 5. d3 O-O 6. Nbd2 c5 7. e4 dxe4 8.
dxe4 Nc6 9. c3 b6 10. e5 Nd5 11. Re1 Bb7 12. Qc2 Qc7 13. h4 h6 14. Nf1 Rfd8
15. N1h2 b5 16. Ng4 b4 17. Bxh6 gxh6 18. Nxh6+ Kg7 19. Nxf7 Kxf7 20. Qh7+
Ke8 21. c4 Nb6 22. Ng5 Nd4 23. Re4 Kd7 24. Rxd4+ cxd4 25. Nxe6 Qxc4 26. Nxd8
Bxg2 27. Kxg2 Qd5+ 28. Kh2 Rxd8 29. f4 Nc4 30. Rc1 Ne3 31. Rg1 d3 32. f5 d2
33. f6 d1=Q 34. Qxe7+ Kc6 35. Qxb4 Qxg1+ 36. Kxg1 Qg2# {White checkmated}
0-1

[Event "ICCopen2016"]
[Site "Internet Chess Club"]
[Date "2016.06.04"]
[Round "2"]
[White "Providence"]
[Black "depressnyak"]
[Result "0-1"]
[ICCResult "White resigns"]
[WhiteElo "2372"]
[BlackElo "3165"]
[Opening "Pirc defense"]
[ECO "B07"]
[NIC "PU.07"]
[Time "14:12:02"]
[TimeControl "180+0"]

1. e4 d6 2. d4 Nf6 3. Nc3 g6 4. Be3 a6 5. f3 Nbd7 6. Qd2 b5 7. O-O-O Bb7 8.
h4 h6 9. Nh3 Nb6 10. Nf4 b4 11. Nb1 a5 12. a3 Bg7 13. axb4 axb4 14. Qxb4 O-O
15. d5 Nfd7 16. Bb5 Ra1 17. Kd2 Ne5 18. Nc3 Ra8 19. Ra1 Rb8 20. Na4 Nbd7 21.
Ba7 Ra8 22. Bd4 c5 23. dxc6 Bxc6 24. Nc3 Rb8 25. Qa4 Nb6 26. Bxb6 Qxb6 27.
Bxc6 Nxc6 28. Nd3 e6 29. Ra2 Rfc8 30. Rha1 Ne5 31. Ke2 Qd8 32. Nd1 Qxh4 33.
Ne3 Qg3 34. Qa5 Nc6 35. Qe1 Qg5 36. g3 Nd4+ 37. Kf2 Nxc2 38. Nxc2 Rxc2+ 39.
Kg1 Bd4+ 40. Kf1 Qh5 {White resigns} 0-1

[Event "ICCopen2016"]
[Site "Internet Chess Club"]
[Date "2016.06.04"]
[Round "2"]
[White "HEM"]
[Black "kingsac"]
[Result "1-0"]
[ICCResult "Black checkmated"]
[WhiteElo "1544"]
[BlackElo "1816"]
[Opening "Old Benoni defense"]
[ECO "A43"]
[NIC "OI.09"]
[Time "14:12:02"]
[TimeControl "180+0"]

1. d4 c5 2. e3 cxd4 3. exd4 e6 4. Nf3 Nc6 5. c3 a6 6. Bd3 Qc7 7. O-O b5 8.
Qe2 Bb7 9. Nbd2 Nf6 10. Ne4 Nxe4 11. Bxe4 Ne7 12. Ne5 Ng6 13. f4 d6 14. Bxb7
Qxb7 15. f5 Nh4 16. fxe6 dxe5 17. exf7+ Kd8 18. Bg5+ Be7 19. f8=Q+ Rxf8 20.
Rxf8+ Kd7 21. Qg4+ Kc6 22. Rxa8 Bxg5 23. Qe6+ Kc7 24. Qxe5+ Kb6 25. Rb8 Bf6
26. Qc5+ Ka5 27. b4+ Ka4 28. Rxb7 Nf5 29. Qd5 Ka3 30. Qb3# {Black
checkmated} 1-0

[Event "ICCopen2016"]
[Site "Internet Chess Club"]
[Date "2016.06.04"]
[Round "2"]
[White "toguho"]
[Black "TallTower"]
[Result "0-1"]
[ICCResult "White resigns"]
[WhiteElo "1587"]
[BlackElo "1929"]
[Opening "King's pawn opening"]
[ECO "B07"]
[NIC "VO.17"]
[Time "14:12:46"]
[TimeControl "180+0"]

1. e4 d6 2. Nc3 Nf6 3. f4 c5 4. Nf3 Nc6 5. d3 g6 6. h3 Bg7 7. g4 O-O 8. Bg2
Nd7 9. Ne2 Rb8 10. c3 b5 11. O-O b4 12. Bd2 Qa5 13. cxb4 cxb4 14. Qc2 Bb7
15. Ng3 Rfc8 16. f5 Nd4 17. Qb1 Nc2 18. fxg6 hxg6 19. Ng5 Bf6 20. a3 Bxg5
21. Bxg5 Qxg5 22. axb4 Nxa1 23. Qxa1 Qe3+ 24. Kh2 Qxd3 25. Qxa7 Ne5 26. Qf2
Rc2 27. Qf4 Qd2 28. Rg1 Qxf4 {White resigns} 0-1

[Event "ICCopen2016"]
[Site "Internet Chess Club"]
[Date "2016.06.04"]
[Round "2"]
[White "majasystem"]
[Black "panom"]
[Result "1-0"]
[ICCResult "Black resigns"]
[WhiteElo "2167"]
[BlackElo "1608"]
[Opening "KGD: Falkbeer, 4.d3"]
[ECO "C32"]
[NIC "KG.04"]
[Time "14:12:50"]
[TimeControl "180+0"]

1. e4 e5 2. f4 d5 3. exd5 e4 4. d3 exd3 5. Qxd3 Nf6 6. Nc3 Bb4 7. Bd2 O-O 8.
O-O-O Bxc3 9. Bxc3 Bg4 10. Nf3 Bxf3 11. gxf3 Qd7 12. Rg1 Ne8 13. Re1 f6 14.
f5 Nd6 15. Re6 Kh8 16. f4 Re8 17. Rg3 Na6 18. b4 Rxe6 19. fxe6 Qe7 20. f5
Rd8 21. Bg2 c5 22. a3 cxb4 23. axb4 Nc7 24. Bb2 Nde8 25. c4 Qxb4 26. Qa3
Qxc4+ 27. Kb1 Nd6 28. Rd3 Ncb5 29. Qb3 Qxb3 30. Rxb3 Nxf5 31. Rxb5 Nd6 32.
Rc5 b6 33. Rc7 f5 34. Rxa7 f4 35. Rxg7 Nc4 36. Bf6 Rf8 37. Rf7+ Kg8 38. Rg7+
Kh8 39. Rf7+ Kg8 40. Rxf8+ Kxf8 41. e7+ Ke8 42. Bf3 Nd6 43. Bh5+ Kd7 44.
Bg4+ Ke8 45. Kc2 f3 46. Bxf3 Nf5 47. Bh5+ Kd7 48. e8=Q+ {Black resigns} 1-0

[Event "ICCopen2016"]
[Site "Internet Chess Club"]
[Date "2016.06.04"]
[Round "2"]
[White "HeyBooBooULose"]
[Black "Blockader"]
[Result "0-1"]
[ICCResult "White forfeits on time"]
[WhiteElo "1320"]
[BlackElo "1747"]
[Opening "Van't Kruijs opening"]
[ECO "A00"]
[Time "14:12:03"]
[TimeControl "180+0"]

1. e3 e6 2. a3 d5 3. d4 Nf6 4. Nf3 Be7 5. Be2 O-O 6. O-O Nbd7 7. Nbd2 c5 8.
c4 cxd4 9. cxd5 dxe3 10. fxe3 Nxd5 11. e4 Ne3 12. Qb3 Nxf1 13. Bxf1 Qb6+ 14.
Qxb6 axb6 15. Bd3 Nc5 16. Bc2 Bd7 17. Nc4 b5 18. Nce5 Bc6 19. Nxc6 bxc6 20.
Ng5 Bxg5 21. Bxg5 f6 22. Be3 Nd7 23. Rd1 Rfd8 24. Kf2 Ne5 25. Re1 Nd3+ 26.
Bxd3 Rxd3 27. Rc1 Rc8 28. Bc5 Rd2+ 29. Kg3 Rxb2 30. Rd1 Rc2 31. Bd6 Rd8 32.
e5 fxe5 33. Rd3 h6 34. Kf3 g5 35. Ke4 Rxg2 36. Kxe5 Re2+ 37. Kf6 Kh7 38. Ke7
Rg8 39. Rf3 Rg7+ 40. Kf6 g4 41. Rf4 e5 42. Bxe5 Rg6+ 43. Kf5 Rg5+ 44. Kf6
Rexe5 45. h4 gxh3 46. Rh4 c5 47. a4 bxa4 48. Rxa4 Ref5+ 49. Ke6 h5 50. Ra7+
Kh6 51. Ra8 Re5+ {White forfeits on time} 0-1

[Event "ICCopen2016"]
[Site "Internet Chess Club"]
[Date "2016.06.04"]
[Round "2"]
[White "santiagoelawad"]
[Black "khekhm"]
[Result "0-1"]
[ICCResult "White resigns"]
[WhiteElo "1961"]
[BlackElo "2552"]
[Opening "English: three knights system"]
[ECO "A27"]
[NIC "EO.21"]
[Time "14:12:13"]
[TimeControl "180+0"]

1. c4 e5 2. Nc3 Nc6 3. Nf3 Bc5 4. g3 d6 5. Bg2 a6 6. O-O Nf6 7. d3 O-O 8.
Bg5 h6 9. Bxf6 Qxf6 10. Nd5 Qd8 11. Nd2 Rb8 12. Rb1 Ba7 13. b4 Ne7 14. b5
axb5 15. Rxb5 Nxd5 16. cxd5 Bd7 17. Rb1 b5 18. Qc2 Bb6 19. Ne4 Ra8 20. Nc3
Ra5 21. Rfc1 Qa8 22. e3 f5 23. Rb2 f4 24. d4 fxe3 25. fxe3 exd4 26. exd4
Bxd4+ 27. Kh1 Qa7 28. Ne4 Bxb2 29. Qxb2 Qe3 30. Qc2 Rxa2 31. Qxc7 Rxg2 32.
Kxg2 Qxe4+ 33. Kg1 Bh3 34. Qc2 Qe3+ 35. Kh1 Rf2 36. Qc8+ Bxc8 {White
resigns} 0-1

[Event "ICCopen2016"]
[Site "Internet Chess Club"]
[Date "2016.06.04"]
[Round "2"]
[White "totus"]
[Black "chigamaster"]
[Result "1/2-1/2"]
[ICCResult "Game drawn by mutual agreement"]
[WhiteElo "2322"]
[BlackElo "2975"]
[Opening "Benko's opening"]
[ECO "A00"]
[NIC "VO.09"]
[Time "14:12:44"]
[TimeControl "180+0"]

1. g3 g6 2. Bg2 Bg7 3. c4 Nf6 4. Nc3 O-O 5. Nf3 d6 6. O-O Nbd7 7. d3 e5 8.
Rb1 Re8 9. Nd2 a5 10. a3 Nc5 11. b4 axb4 12. axb4 Ne6 13. Nb3 h5 14. b5 h4
15. Bb2 hxg3 16. hxg3 Ng4 17. Bc1 Nf6 18. Nd5 Nxd5 19. cxd5 Ng5 20. Bxg5
Qxg5 21. Qc2 Re7 22. Nd2 f5 23. Nf3 Qh5 24. Ra1 Rb8 25. Ra4 Bf6 26. Rc4 e4
27. dxe4 fxe4 28. Nd4 Bh3 29. Rxc7 Rxc7 30. Qxc7 Rc8 31. Qb6 Bxg2 32. Kxg2
Qxd5 33. e3 Rc4 34. Rd1 Bxd4 35. Rxd4 Rxd4 36. Qxd4 Qxd4 37. exd4 Kf7 38. f3
{Game drawn by mutual agreement}
1/2-1/2

[Event "ICCopen2016"]
[Site "Internet Chess Club"]
[Date "2016.06.04"]
[Round "2"]
[White "EeEk"]
[Black "forkball"]
[Result "1-0"]
[ICCResult "Black checkmated"]
[WhiteElo "1909"]
[BlackElo "1573"]
[Opening "QGD: 3.Nc3"]
[ECO "D31"]
[NIC "QP.08"]
[Time "14:12:27"]
[TimeControl "180+0"]

1. d4 d5 2. c4 e6 3. Nc3 f5 4. g3 c6 5. Nf3 Nf6 6. Bg2 Bd6 7. O-O Nbd7 8. b3
O-O 9. Bb2 Ne4 10. Qc2 Qf6 11. e3 h5 12. Ne2 g5 13. Nd2 h4 14. Nxe4 fxe4 15.
f3 hxg3 16. hxg3 exf3 17. Rxf3 Qh6 18. Rxf8+ Nxf8 19. e4 dxe4 20. Qxe4 Ng6
21. Rf1 Bd7 22. Rf6 Kg7 23. d5 e5 24. Rxd6 Bh3 25. Rxg6+ Qxg6 26. Bxe5+ Kf7
27. Qxg6+ Kxg6 28. Bxh3 Re8 29. Be6 cxd5 30. cxd5 a5 31. g4 b5 32. Nd4 a4
33. Nf5 axb3 34. axb3 b4 35. Nd6 Re7 36. Nc4 Rh7 37. Bg3 Rh3 38. Kg2 Rh7 39.
Bf5+ Kg7 40. Bxh7 Kxh7 41. d6 Kg6 42. d7 Kf7 43. d8=Q Ke6 44. Qxg5 Kf7 45.
Qh6 Ke7 46. Bd6+ Kf7 47. Ne5+ Kg8 48. Qg6+ Kh8 49. Nf7# {Black checkmated}
1-0

[Event "ICCopen2016"]
[Site "Internet Chess Club"]
[Date "2016.06.04"]
[Round "2"]
[White "luke-skywalker"]
[Black "JavaChessMan"]
[Result "1-0"]
[ICCResult "Black forfeits on time"]
[WhiteElo "1649"]
[BlackElo "1932"]
[Opening "Nimzo-Indian: three knights variation"]
[ECO "E21"]
[NIC "NI.28"]
[Time "14:12:01"]
[TimeControl "180+0"]

1. d4 Nf6 2. c4 e6 3. Nc3 Bb4 4. Nf3 Bxc3+ 5. bxc3 O-O 6. Bg5 h6 7. Bh4 d6
8. Qc2 Qe7 9. e4 e5 10. Bd3 Nc6 11. O-O b6 12. a4 Na5 13. Nd2 Bb7 14. Rae1
g5 15. Bg3 Nh5 16. Qd1 Ng7 17. Nf3 Ba6 18. Qe2 f6 19. h3 Rae8 20. Nd2 Qd7
21. Bc2 Ne6 22. Qh5 Kg7 23. Bd3 Qf7 24. Qxf7+ Rxf7 25. d5 Nc5 26. Be2 Nxa4
27. Ra1 Nxc3 28. Bd3 f5 29. f3 f4 30. Bf2 Ref8 31. Rfc1 Nxd5 32. exd5
{Black forfeits on time}
1-0

[Event "ICCopen2016"]
[Site "Internet Chess Club"]
[Date "2016.06.04"]
[Round "2"]
[White "TudoracheM"]
[Black "rookfish"]
[Result "1-0"]
[ICCResult "Black resigns"]
[WhiteElo "1717"]
[BlackElo "1162"]
[Opening "Ruy Lopez: Berlin defense, Beverwijk variation"]
[ECO "C65"]
[NIC "RL.07"]
[Time "14:13:00"]
[TimeControl "180+0"]

1. e4 e5 2. Nf3 Nc6 3. Bb5 Nf6 4. O-O Bc5 5. c3 O-O 6. d3 a6 7. Ba4 b5 8.
Bc2 Ne7 9. Qe2 Ng6 10. Be3 d6 11. Nbd2 Bg4 12. h3 Bxh3 13. gxh3 Nh5 14. Nh2
Nhf4 15. Bxf4 exf4 16. d4 Bb6 17. Qg4 c5 18. Ndf3 cxd4 19. Nxd4 Bc7 20. Nhf3
d5 21. h4 f6 22. h5 Ne5 23. Qxf4 Nxf3+ 24. Qxf3 Qd6 25. Qg2 Rae8 26. Rae1 f5
27. exf5 Qh6 28. Ne6 Rxe6 29. fxe6 Qxh5 30. e7 Rf6 31. e8=Q+ Qxe8 32. Rxe8+
Kf7 33. Rc8 Rg6 34. Bxg6+ hxg6 35. Rxc7+ Kf6 36. Qf3+ Kg5 37. Rxg7 Kh6 38.
Rxg6+ Kxg6 39. Re1 {Black resigns} 1-0

[Event "ICCopen2016"]
[Site "Internet Chess Club"]
[Date "2016.06.04"]
[Round "2"]
[White "AttackSparrow"]
[Black "Red-white"]
[Result "0-1"]
[ICCResult "White checkmated"]
[WhiteElo "2333"]
[BlackElo "3056"]
[Opening "Vienna gambit"]
[ECO "C29"]
[NIC "VG.03"]
[Time "14:12:55"]
[TimeControl "180+0"]

1. e4 e5 2. Nc3 Nf6 3. f4 d5 4. fxe5 Nxe4 5. Qe2 Nxc3 6. dxc3 Be7 7. Be3 c5
8. Nf3 Nc6 9. Qf2 Qa5 10. Bd3 Be6 11. O-O O-O-O 12. a3 d4 13. cxd4 cxd4 14.
Bf4 h6 15. b4 Qc7 16. b5 Na5 17. Bd2 Nc4 18. a4 Kb8 19. a5 Qc5 20. Rfb1 Nxd2
21. Qxd2 Rc8 22. Qe2 Rhd8 23. b6 a6 24. Bxa6 d3+ 25. Qf2 bxa6 26. cxd3 Rxd3
27. b7 Qxf2+ 28. Kxf2 Rc2+ 29. Kg3 g5 30. Rb6 h5 31. Rxa6 h4# {White
checkmated} 0-1

[Event "ICCopen2016"]
[Site "Internet Chess Club"]
[Date "2016.06.04"]
[Round "2"]
[White "Tal-Baron"]
[Black "xvannix"]
[Result "1-0"]
[ICCResult "Black checkmated"]
[WhiteElo "2766"]
[BlackElo "1720"]
[Opening "QGD Slav: 4.Nc3"]
[ECO "D15"]
[NIC "SL.03"]
[Time "14:12:44"]
[TimeControl "180+0"]

1. d4 d5 2. c4 c6 3. Nf3 Nf6 4. Nc3 a6 5. g3 b5 6. Bg2 e6 7. b3 Be7 8. O-O
O-O 9. Ne5 Bb7 10. Bf4 Nbd7 11. Rc1 Rc8 12. Qd3 Nxe5 13. Bxe5 c5 14. cxd5
cxd4 15. Qxd4 Nxd5 16. Nxd5 Bxd5 17. Rxc8 Qxc8 18. Bxg7 Rd8 19. Bh6 f6 20.
Rc1 Qb7 21. Qg4+ Kf7 22. Qg7+ Ke8 23. Bxd5 Qxd5 24. Rc7 Qd1+ 25. Kg2 Qd5+
26. f3 Qd6 27. Qg8+ Bf8 28. Qf7# {Black checkmated} 1-0

[Event "ICCopen2016"]
[Site "Internet Chess Club"]
[Date "2016.06.04"]
[Round "2"]
[White "Panesso"]
[Black "Nedwis"]
[Result "0-1"]
[ICCResult "White resigns"]
[WhiteElo "2235"]
[BlackElo "2938"]
[Opening "Alekhine's defense: exchange variation"]
[ECO "B03"]
[NIC "AL.08"]
[Time "14:12:08"]
[TimeControl "180+0"]

1. e4 Nf6 2. e5 Nd5 3. d4 d6 4. c4 Nb6 5. exd6 exd6 6. Nc3 Be7 7. Be3 O-O 8.
Qf3 Nc6 9. a3 Bf6 10. O-O-O Be6 11. b3 Re8 12. g4 d5 13. c5 Nd7 14. Nge2 b6
15. b4 bxc5 16. dxc5 Nde5 17. Qg2 Bxg4 18. Qxd5 Bf3 19. Qxd8 Raxd8 20. Rg1
Nc4 21. Rxd8 Rxd8 22. Rg3 N6e5 23. Nd4 Bh5 24. Ndb5 c6 25. Nxa7 Nxa3 26. f4
Nec4 27. Bxc4 Nxc4 28. Bd2 Rxd2 29. Nxc6 Rxh2 30. b5 Bg6 31. Nb4 Bxc3 32. f5
Bxf5 33. Kd1 Bxb4 {White resigns} 0-1

[Event "ICCopen2016"]
[Site "Internet Chess Club"]
[Date "2016.06.04"]
[Round "2"]
[White "ncc-1701"]
[Black "Tova77"]
[Result "1-0"]
[ICCResult "Black checkmated"]
[WhiteElo "1959"]
[BlackElo "1609"]
[Opening "Grünfeld: 5.Bf4"]
[ECO "D92"]
[NIC "GI.07"]
[Time "14:12:46"]
[TimeControl "180+0"]

1. d4 Nf6 2. c4 g6 3. Nc3 d5 4. Nf3 Bg7 5. Bf4 c5 6. e3 cxd4 7. Nxd4 Nc6 8.
Ndb5 e5 9. Bg5 d4 10. exd4 exd4 11. Nd5 O-O 12. Qf3 Qa5+ 13. Bd2 Qd8 14.
Nbc7 Nxd5 15. Nxa8 Nf6 16. Bg5 Bf5 17. Bd3 Bxd3 18. Qxd3 Qxa8 19. O-O Qc8
20. a3 Qg4 21. Bxf6 Bxf6 22. h3 Qg5 23. Rad1 Ne5 24. Qg3 Qxg3 25. fxg3 Nxc4
26. Rxf6 Kg7 27. Rf4 Nxb2 28. Rdxd4 Re8 29. Kf2 a6 30. Rd7 b5 31. Rfxf7+ Kh6
32. h4 Nc4 33. Rxh7# {Black checkmated} 1-0

[Event "ICCopen2016"]
[Site "Internet Chess Club"]
[Date "2016.06.04"]
[Round "2"]
[White "BlackHorse96"]
[Black "HouseOfFun"]
[Result "1-0"]
[ICCResult "Black resigns"]
[WhiteElo "3195"]
[BlackElo "2377"]
[Opening "Queen's pawn: Chigorin variation"]
[ECO "D00"]
[NIC "QP.08"]
[Time "14:11:51"]
[TimeControl "180+0"]

1. d4 d5 2. Nc3 Bf5 3. f3 e6 4. Be3 c6 5. g4 Bg6 6. h4 h6 7. Bf2 Nd7 8. e3
Ngf6 9. Bd3 Bxd3 10. cxd3 Bd6 11. Nge2 Qc7 12. Qb3 e5 13. O-O-O O-O-O 14.
Kb1 exd4 15. Nxd4 Be5 16. Rhg1 Nc5 17. Qa3 Qb6 18. Nf5 Ne6 19. d4 Bc7 20.
Rc1 g6 21. Na4 Qa6 22. Nxh6 Bd6 23. Qb3 Rxh6 24. g5 Rhh8 25. gxf6 Qe2 26.
Bg3 Qxf3 27. Bxd6 Rxd6 28. Qa3 Rdd8 29. Rc3 Kb8 30. Qb4 Rc8 31. Qd6+ Rc7 32.
Ka1 Qf2 33. Rgc1 Qxf6 34. Nc5 Nxc5 35. Qxf6 Re8 36. dxc5 Re6 37. Qf4 Kc8 38.
Rf1 Rce7 39. a3 Re4 40. Qh6 Kc7 41. Qg7 R4e6 42. Rxf7 Kd7 43. Rxe7+ Rxe7 44.
Qxg6 Re6 45. Qxe6+ Kxe6 46. Rb3 b5 47. cxb6 axb6 48. Rxb6 Kf5 49. h5 Kg5 50.
Rxc6 Kxh5 51. Rc5 Kg4 52. Rxd5 Kf3 53. Re5 Kg4 54. a4 Kg3 55. a5 {Black
resigns} 1-0

[Event "ICCopen2016"]
[Site "Internet Chess Club"]
[Date "2016.06.04"]
[Round "2"]
[White "Skeptic1972"]
[Black "WoodTree"]
[Result "1-0"]
[ICCResult "Black resigns"]
[WhiteElo "1322"]
[BlackElo "2358"]
[Opening "Sicilian: accelerated fianchetto, Maróczy bind, 5...Bg7"]
[ECO "B37"]
[NIC "QP.10"]
[Time "14:12:23"]
[TimeControl "180+0"]

1. Nf3 c5 2. c4 g6 3. d4 cxd4 4. Nxd4 Bg7 5. e4 Nc6 6. Nc2 e6 7. Be2 Nge7 8.
O-O O-O 9. Nc3 f5 10. exf5 gxf5 11. Bf4 Ng6 12. Bd6 Rf7 13. Rb1 b6 14. Nb5
Bb7 15. Ba3 Qg5 16. g3 Raf8 17. Bxf8 Bxf8 18. Nd6 Bxd6 19. Qxd6 f4 20. Nb4
Nxb4 21. Qb8+ Kg7 22. Qxb7 Nc6 23. Rbd1 f3 24. Rxd7 Rxd7 25. Qxd7+ Nce7 26.
Bxf3 Qf6 27. Bg2 Qxb2 28. Re1 e5 29. f4 Qc3 30. Rf1 Qe3+ 31. Kh1 exf4 32.
gxf4 Kh6 33. Qh3+ Qxh3 34. Bxh3 Nc6 35. f5 Nf8 36. f6 Ne5 37. Rf4 Kg5 38.
Rf5+ Kh4 39. Rxe5 Kxh3 40. Re8 Ng6 41. f7 Kg4 42. f8=Q Nxf8 43. Rxf8 h5 44.
Rf7 a5 45. Ra7 h4 46. Ra6 h3 47. Rxb6 Kf4 48. Rb3 Ke4 49. Rxh3 Kd4 50. Ra3
Kxc4 51. Rxa5 Kb4 52. Rg5 Kc4 53. h4 Kd4 54. a4 Ke4 55. a5 Kf4 56. a6 Ke4
57. a7 {Black resigns} 1-0

[Event "ICCopen2016"]
[Site "Internet Chess Club"]
[Date "2016.06.04"]
[Round "2"]
[White "bythebook"]
[Black "YoureFired"]
[Result "0-1"]
[ICCResult "White forfeits on time"]
[WhiteElo "1793"]
[BlackElo "1668"]
[Opening "Pirc: classical (two knights) system"]
[ECO "B08"]
[NIC "PU.10"]
[Time "14:11:58"]
[TimeControl "180+0"]

1. e4 d6 2. d4 Nf6 3. Nc3 g6 4. Nf3 Bg7 5. Bg5 O-O 6. Qd2 c6 7. Bd3 b5 8. h3
a5 9. O-O b4 10. Ne2 Ba6 11. Bh6 Bxd3 12. cxd3 Nbd7 13. Rac1 Qb6 14. b3 a4
15. Rc4 Rfb8 16. Rfc1 c5 17. Bxg7 Kxg7 18. Qg5 e6 19. e5 Ne8 20. exd6 f6 21.
Qf4 Qxd6 22. dxc5 Qxd3 23. Ned4 e5 24. Ne6+ Kf7 25. Qh6 Kxe6 26. Qxh7 axb3
27. axb3 Rc8 28. R1c2 Rc7 29. Rd2 Qb1+ 30. Kh2 Nxc5 31. Qg8+ Ke7 32. Qh7+
Ke6 33. Qg8+ Ke7 34. Qh7+ Kf8 35. Qh8+ Kf7 36. Qh7+ Ng7 {White forfeits on
time} 0-1